 Dungeon Crawl Stone Soup version 0.30-a0-722-g3e6e8c874d (webtiles) character file.

Game seed: 13955165666367740283

5752 Arximoufas the Basher (level 10, -3/80 HPs)
             Began as a Demonspawn Warper on Jan 28, 2023.
             Was a High Priest of Cheibriados.
             Slain by a boulder beetle (18 damage)
             ... on level 10 of the Dungeon.
             The game lasted 00:22:41 (9864 turns).

Arximoufas the Basher (Demonspawn Warper)           Turns: 9864, Time: 00:22:42

Health: -3/80      AC: 12    Str: 27    XL:     10   Next: 49%
Magic:  13/13      EV:  9    Int: 26    God:    Cheibriados [*****.]
Gold:   166        SH:  0    Dex: 23    Spells: 13/13 levels left

rFire   . . .      SeeInvis .    h - +0 eveningstar
rCold   . . .      Faith    .    (no shield)
rNeg    . . .      Spirit   .    g - +0 plate armour
rPois   +          Reflect  .    Q - +1 hat
rElec   .          Harm     .    (no cloak)
rCorr   .          Rampage  .    y - +0 pair of gloves
Will    +....                    (no boots) Stlth
                                 j - amulet of the acrobat
HPRegen 0.33/turn                v - ring of willpower
MPRegen 0.13/turn                M - ring of poison resistance

@: very slow
A: claws 1, spiny 2, sturdy frame 1, demonic magic 2
a: Renounce Religion, Bend Time, Temporal Distortion, Slouch, Step From Time


You were on level 10 of the Dungeon.
You worshipped Cheibriados.
Cheibriados was extremely pleased with you.
You visited 2 branches of the dungeon, and saw 11 of its levels.

You collected 493 gold pieces.
You spent 327 gold pieces at shops.

Inventory:

Hand Weapons
 h - a +0 eveningstar (weapon)
Missiles
 c - 20 poisoned darts
 d - 8 boomerangs of dispersal (quivered)
Armour
 g - a +0 plate armour (worn)
 l - a +0 ring mail of fire resistance
 y - a +0 pair of gloves (worn)
 Q - a +1 hat (worn)
Jewellery
 j - an amulet of the acrobat (around neck)
 q - a ring of resist corrosion
 v - a ring of willpower (left hand)
 z - a ring of willpower
 H - a ring of magical power
 M - a ring of poison resistance (right hand)
 P - a +6 ring of intelligence
Wands
 a - a wand of mindburst (24)
 C - a wand of iceblast (24)
 G - a wand of flame (30)
 J - a wand of polymorph (8)
Scrolls
 e - 8 scrolls of teleportation
 f - a scroll of identify
 i - a scroll of immolation {unknown}
 k - 3 scrolls of enchant armour
 m - 4 scrolls of magic mapping
 p - a scroll of poison {unknown}
 r - a scroll of enchant weapon {unknown}
 u - a scroll of vulnerability {unknown}
 A - a scroll of fear
 D - 2 scrolls of fog
 E - a scroll of amnesia {unknown}
 I - a scroll of acquirement {unknown}
 O - a scroll of blinking
Potions
 b - 2 potions of might
 o - 5 potions of heal wounds
 t - 3 potions of brilliance
 x - 4 potions of flight
 B - a potion of ambrosia {unknown}
 F - 2 potions of curing {unknown}
 N - a potion of attraction {unknown}


   Skills:
 + Level 8.1 Fighting
 - Level 2.6 Short Blades
 + Level 11.3 Maces & Flails
 - Level 0.8 Throwing
 - Level 0.8 Armour
 - Level 1.7 Dodging
 - Level 1.1 Stealth
 - Level 2.0 Spellcasting
 - Level 2.6 Translocations
 + Level 0.0 Invocations
 - Level 5.0 Evocations


You had 13 spell levels left.
You didn't know any spells.
Your spell library contained the following spells:

 Spells                   Type           Power      Damage    Failure   Level
 Blink                    Tloc           32%        N/A       41%         2
 Lesser Beckoning         Tloc           32%        N/A       41%         2
 Magic Dart               Conj           8%         1d3       65%         1
 Slow                     Hex            8%         N/A       65%         1
 Teleport Other           Tloc           16%        N/A       65%         3
 Searing Ray              Conj           4%         2d4       80%         2
 Vhi's Electric Charge    Tloc/Air       18%        N/A       83%         3
 Confusing Touch          Hex            2%         N/A       95%         3
 Vampiric Draining        Necr           2%         2d6       95%         3
 Manifold Assault         Tloc           16%        N/A       96%         4
 Fulminant Prism          Conj/Hex       1%         3d5       100%        4


Dungeon Overview and Level Annotations

Branches:
Dungeon (10/15)            Temple (1/1) D:7             Orc (0/2) D:9
   Lair: D:8-11

Altars:
Ashenzari
Cheibriados
Dithmenos
Fedhas
Gozag
Hepliaklqana
Kikubaaqudgha
Makhleb
Nemelex Xobeh
Okawaru
Qazlal
Ru
Sif Muna
Trog
Uskayaw
Vehumet
Wu Jian
Xom
Yredelemnul

Shops:
D:7 *   D:8 *=

Annotations:
D:9 2 runed translucent doors


Innate Abilities, Weirdness & Mutations

You have sharp fingernails.
You are mostly covered in sharp spines.
Your movements are slightly less encumbered by armour. (ER -2)
Spells you cast may paralyse nearby enemies.


Message History

The mass of ice explodes!
The iceblast engulfs the boulder beetle!!
The boulder beetle is moderately wounded.
You hear a shout! x2
Aiming: Iceblast
Press: ? - help, Shift-Dir - straight line, f/p - boulder beetle
Aim: a boulder beetle (moderately wounded)
The mass of ice explodes!
The iceblast engulfs the boulder beetle but does no damage.
The boulder beetle is moderately wounded.
You hear a shout!
The boulder beetle curls into a ball and begins rolling!
Aiming: Iceblast
Press: ? - help, Shift-Dir - straight line, f/p - boulder beetle
Aim: a boulder beetle (moderately wounded, rolling)
The mass of ice explodes!
The iceblast engulfs the boulder beetle.
The boulder beetle is heavily wounded.
Aiming: Iceblast
Press: ? - help, Shift-Dir - straight line, f/p - boulder beetle
Aim: a boulder beetle (heavily wounded, rolling)
The mass of ice explodes!
The iceblast engulfs the boulder beetle!
The boulder beetle is heavily wounded.
You hit the boulder beetle.
The boulder beetle is severely wounded.
The boulder beetle hits you!!!
Ouch! That really hurt!
The boulder beetle stops rolling and uncurls.
You thump the boulder beetle!
The boulder beetle is almost dead.
The boulder beetle bites you!
You puncture the boulder beetle!
The boulder beetle is almost dead.
The boulder beetle bites you!
* * * LOW HITPOINT WARNING * * *
You hit the boulder beetle.
The boulder beetle is almost dead.
The boulder beetle bites you!!
You die...

####..... ##########
###......... #.........
............# #.........
............# #.........
............###.........
..............+..~......
..............#.........
.....~~.......#.@B!....~
.....~~.........~~....~~
.....~~..........~......
....~~....###.....[.....
.....~.......##.........
...(....>...............
...........#.#..........
...##+#.##...........)..
... #.#.##..............


You could see a boulder beetle.

Vanquished Creatures
  Pikel (D:5)
  An unseen horror (D:10)
  A troll (D:9)
  A wraith (D:9)
  9 yaks
  A warg (D:9)
  An acid dragon (D:8)
  5 orc warriors
  A sky beast (D:6)
  An ice beast (D:5)
  A black bear (D:6)
  2 ogres
  2 centaurs
  A lemure (D:5)
  A phantom (D:6)
  2 kobold brigands
  Blork the orc (D:4)
  2 bullfrogs (D:8)
  2 necrophages
  A gnoll sergeant (D:5)
  2 scorpions (D:4)
  7 killer bees (D:9)
  3 howler monkeys (D:9)
  8 hounds
  4 orc priests
  2 jellies
  2 gnoll boudas
  Ijyb (D:4)
  6 orc wizards
  12 gnolls
  6 adders
  A white imp (D:6)
  4 worms
  4 dart slugs
  24 orcs
  6 endoplasms
  4 giant cockroaches
  5 goblins
  11 hobgoblins
  9 jackals
  15 kobolds
  6 quokkas
  10 ball pythons
  7 bats
  4 frilled lizards
  4 rats (D:1)
204 creatures vanquished.

Vanquished Creatures (others)
  13 fungi (D:10)
  22 plants (D:10)
35 creatures vanquished.

Grand Total: 239 creatures vanquished

Notes
Turn   | Place    | Note
-------+----------+-------------------------------------------
     0 | D:1      | Arximoufas the Demonspawn Warper began the quest for the
                  | Orb.
     0 | D:1      | Reached XP level 1. HP: 16/16 MP: 3/3
   202 | D:1      | Gained mutation: Your movements are slightly less
                  | encumbered by armour. (ER -2) [demonic ancestry]
   202 | D:1      | Reached XP level 2. HP: 13/22 MP: 5/5
   267 | D:1      | Reached skill level 1 in Stealth
   459 | D:1      | Found a faded altar of an unknown god.
   812 | D:2      | Gained mutation: Spells you cast may paralyse adjacent
                  | enemies. [demonic ancestry]
   812 | D:2      | Reached XP level 3. HP: 27/27 MP: 6/6
   815 | D:2      | Reached skill level 1 in Maces & Flails
  1045 | D:2      | Reached skill level 2 in Maces & Flails
  1045 | D:2      | Gained mutation: You are partially covered in sharp spines.
                  | [demonic ancestry]
  1045 | D:2      | Reached XP level 4. HP: 24/33 MP: 7/7
  1096 | D:2      | You fall into a shaft and drop 1 floor!
  1672 | D:2      | Reached skill level 3 in Maces & Flails
  2118 | D:3      | Found a snail-covered altar of Cheibriados.
  2138 | D:3      | Became a worshipper of Cheibriados the Contemplative
  2353 | D:3      | Found a sacrificial altar of Ru.
  2530 | D:4      | Reached XP level 5. HP: 32/38 MP: 8/8
  2534 | D:4      | Reached skill level 4 in Maces & Flails
  2694 | D:4      | Found an ornate altar of the Wu Jian Council.
  2695 | D:4      | Found an iron altar of Okawaru.
  2729 | D:4      | Gained mutation: You have sharp fingernails. [demonic
                  | ancestry]
  2729 | D:4      | Reached XP level 6. HP: 34/44 MP: 9/9
  2770 | D:4      | Reached * piety under Cheibriados
  2825 | D:4      | Reached skill level 5 in Maces & Flails
  3140 | D:4      | Noticed Blork the orc
  3158 | D:4      | Killed Blork the orc
  3317 | D:4      | Noticed Ijyb
  3326 | D:4      | Killed Ijyb
  3772 | D:5      | Entered Level 5 of the Dungeon
  3836 | D:5      | Reached XP level 7. HP: 48/52 MP: 10/10
  3873 | D:5      | Reached ** piety under Cheibriados
  3874 | D:5      | Reached skill level 6 in Maces & Flails
  4168 | D:5      | Noticed Pikel
  4183 | D:5      | Killed Pikel
  4184 | D:5      | Reached skill level 7 in Maces & Flails
  4184 | D:5      | Gained mutation: You are mostly covered in sharp spines.
                  | [demonic ancestry]
  4184 | D:5      | Reached XP level 8. HP: 33/61 MP: 11/11
  5048 | D:6      | Reached skill level 5 in Fighting
  5048 | D:6      | Reached skill level 8 in Maces & Flails
  5293 | D:6      | Reached *** piety under Cheibriados
  5372 | D:6      | Reached XP level 9. HP: 62/68 MP: 12/12
  5733 | D:7      | Found a hide-covered altar of Uskayaw.
  5819 | D:7      | Reached skill level 9 in Maces & Flails
  6168 | D:7      | Found Usiathof's Gadget Gallery.
  6195 | D:7      | Found a shimmering blue altar of Sif Muna.
  6240 | D:7      | Found a staircase to the Ecumenical Temple.
  6357 | Temple   | Entered the Ecumenical Temple
  7082 | D:8      | Reached **** piety under Cheibriados
  7086 | D:8      | Reached skill level 5 in Evocations
  7154 | D:8      | Found Baleog Edyza's Jewellery Emporium.
  7405 | D:8      | Bought a ring of poison resistance for 260 gold pieces
  7520 | D:8      | Reached skill level 10 in Maces & Flails
  7874 | D:8      | Gained mutation: Spells you cast may paralyse nearby
                  | enemies. [demonic ancestry]
  7874 | D:8      | Reached XP level 10. HP: 72/79 MP: 13/13
  8338 | D:8      | Found Ycankuog's General Store.
  8346 | D:8      | Bought a wand of iceblast (2) for 67 gold pieces
  8438 | D:9      | Identified the +2 dagger of Bread {chaos, MP+9 Int+2 SInv}
  8438 | D:9      | Noticed a white ugly thing
  8461 | D:9      | Found a large runed translucent door.
  8461 | D:9      | Found a large runed translucent door.
  8462 | D:9      | Found a shimmering altar of Xom.
  8596 | D:9      | Found a staircase to the Orcish Mines.
  9219 | D:9      | Reached skill level 11 in Maces & Flails
  9543 | D:9      | Reached ***** piety under Cheibriados
  9719 | D:10     | Entered Level 10 of the Dungeon
  9856 | D:10     | Noticed a boulder beetle
  9864 | D:10     | Slain by a boulder beetle

Illustrated notes

Levels and vault maps discovered:
D:1:      mrwooster_arrival_arrow, layout_loops_cross,
          ebering_ecumenical_altar_sacrificial, serial_bayou_crossing
D:2:      layout_basic
D:3:      layout_basic, lemuel_crystal_altar, mainiacjoe_overflow_cross_hatched
D:4:      layout_loops_corners, mainiacjoe_overflow_divided_tiny,
          minmay_increasing_density, uniq_blork_the_orc, uniq_ijyb
D:5:      layout_rooms, uniq_pikel
D:6:      layout_loops_ring
D:7:      layout_cave_pools, lemuel_crystal_altar,
          mainiacjoe_overflow_concentric_impassable,
          minmay_temple_entry_nine_rooms, nicolae_shop_gadgets
D:8:      layout_loops_ring, serial_shops, nicolae_shop_advertising_works
          [nicolae_subvault_shop_adworks], nicolae_shop_statue_plus
D:9:      due_chaos_kobolds, layout_long_grid, david_orc_1_choice
D:10:     layout_basic, grunt_lair_entry_orc_guard_hut
Temple:   nicolae_temple_slightly_damp_pantheon

Skill      XL: |  1  2  3  4  5  6  7  8  9 10 |
---------------+-------------------------------+-----
Short Blades   | 2 |  2.6
Stealth        | 1 |  1.1
Maces & Flails | 2 3 4 5 7 8 10 11 | 11.3
Fighting       | 3 4 5 7 8 |  8.1
Evocations     | 2 3 5 |  5.0
Throwing       | |  0.8
Armour         | |  0.8
Dodging        | |  1.7
Spellcasting   | |  2.0
Translocations | |  2.6

Action                     |  1- 3 |  4- 6 |  7- 9 | 10-12 || total
---------------------------+-------+-------+-------+-------++-------
  Melee: Short sword       |   173 |    83 |       |       ||   256
         Punch             |     1 |       |     3 |     1 ||     5
         Eveningstar       |       |    99 |   179 |    88 ||   366
  Evoke: Wand              |       |       |       |     4 ||     4
    Use: Scroll            |       |       |     3 |     8 ||    11
         Potion            |       |       |     2 |       ||     2
 Armour: Leather armour    |    22 |       |       |       ||    22
         Plate armour      |   100 |    79 |    80 |    53 ||   312
  Dodge: Dodged            |    96 |    67 |   117 |    57 ||   337

Table legend: (Time is in decaauts)
 A = Elapsed time spent in this place.
 B = Non-inter-level travel time spent in this place.
 C = Inter-level travel time spent in this place.
 D = Time resting spent in this place.
 E = Time spent auto-exploring this place.
 F = Levels seen in this place.
 G = Mean time per level.
                   A        B        C        D        E       F      G
               +--------+--------+--------+--------+--------+-----+--------+
         Total |  12386 |  11828 |    558 |   2399 |   7604 |  11 | 1126.0 |
       Dungeon |  12082 |  11554 |    528 |   2399 |   7358 |  10 | 1208.2 |
        Temple |    304 |    275 |     29 |      0 |    245 |   1 |  304.0 |
               +--------+--------+--------+--------+--------+-----+--------+

Top non-repeatable levels by time:
     D:8: 2088 daAuts
     D:9: 1769 daAuts
     D:4: 1631 daAuts
     D:6: 1575 daAuts
     D:7: 1151 daAuts
     D:5: 1025 daAuts
     D:2: 894 daAuts
     D:3: 868 daAuts
     D:1: 837 daAuts
  Temple: 304 daAuts
    D:10: 240 daAuts
